 Dungeon Crawl Stone Soup version 0.30.1-11-g7821555f0a (webtiles) character file.

Game seed: 7556922029664389340

91481 lonewolfV2 the Warrior (level 16, 0/159 (169) HPs)
             Began as a Formicid Fighter on Nov 14, 2023.
             Was the Champion of Jiyva.
             Slain by a dire elephant (22 damage)
             ... on level 5 of the Lair of Beasts.
             The game lasted 00:43:02 (20917 turns).

lonewolfV2 the Warrior (Formicid Fighter)          Turns: 20917, Time: 00:43:03

HP:   0/159 (169)   AC: 17    Str: 29    XL:     16   Next: 8%
MP:   16/16         EV: 13    Int: 17    God:    Jiyva [******]
Gold: 758           SH: 14    Dex: 19    Spells: 15/15 levels left

rFire   + + +        S - +6 flail of Zoconoc {pain, Str+5}
rCold   + . .        c - +0 buckler
rNeg    . . .        R - +0 plate armour of the Mackerel {Rampage rC+ Stlth+}
rPois   .            (helmet unavailable)
rElec   .            (no cloak)
rCorr   +            J - +0 pair of gloves
SInv    +            e - +2 pair of boots
Will    +....        v - amulet of reflection Stlth
                     h - +6 ring of dexterity
HPRegen 2.06/turn    r - +5 ring of evasion
MPRegen 0.65/turn

%: reflection, rampage
@: drained
A: permanent stasis, dig shafts and tunnels, antennae 3, four strong arms,
talons 1, clever 2, fire resistance 3, mutation resistance 1, robust 2, eyeballs
1, pseudopods 2, translucent skin 2, tendrils
}: 1/15 runes: slimy
a: Dig, Shaft Self, Renounce Religion, Oozemancy, Slimify


You were on level 5 of the Lair of Beasts.
You worshipped Jiyva.
Jiyva was exalted by your worship.
You visited 3 branches of the dungeon, and saw 25 of its levels.
You also visited: Bailey.

You collected 758 gold pieces.

Inventory:

Hand Weapons
 a - a +0 war axe of electrocution
 g - a +4 mace of protection
 Q - the +8 lance "Wyrmbane" {slay drac, rPois rF+ rC+ AC+3}
   (You found it on level 5 of the Pits of Slime)

   AC:        It affects your AC (+3).
   rF:        It protects you from fire.
   rC:        It protects you from cold.
   rPois:     It protects you from poison.
 S - the +6 flail of Zoconoc (weapon) {pain, Str+5}
   (You found it on level 5 of the Pits of Slime)

   Str:       It affects your strength (+5).
 U - the +4 dire flail of Compassion {freeze, rF- Will+ Str+3}
   (You found it on level 5 of the Pits of Slime)

   Str:       It affects your strength (+3).
   rF:        It makes you vulnerable to fire.
   Will:      It increases your willpower.
Missiles
 m - 6 throwing nets
Armour
 c - a +0 buckler (worn)
 e - a +2 pair of boots (worn)
 i - a +4 chain mail
 x - a +0 plate armour
 J - a +0 pair of gloves (worn)
 R - the +0 plate armour of the Mackerel (worn) {Rampage rC+ Stlth+}
   (You found it on level 5 of the Pits of Slime)

   rC:        It protects you from cold.
   Rampage:   It bestows one free step when moving towards enemies.
   Stlth:     It makes you more stealthy.
Magical Staves
 C - the staff of conjuration "Puotimn" {rF+ Dex+4}
   (You found it on level 5 of the Pits of Slime)

   [staff of conjuration]

   Base accuracy: +5 Base damage: 5 Base attack delay: 1.2 This weapon's minimum
   attack delay (0.6) is reached at skill level 12.
   Dex:       It affects your dexterity (+4).
   rF:        It protects you from fire.
   It falls into the 'Staves' category.
   It is a weapon for one hand-pair.
Jewellery
 h - a +6 ring of dexterity (left hand)
 o - a ring of flight
 r - a +5 ring of evasion (right hand)
 s - the ring "Ynnipnia" {rCorr SInv}
   (You found it on level 10 of the Dungeon)

   [ring of resist corrosion]

   SInv:      It lets you see invisible.
   rCorr:     It protects you from acid and corrosion.
 u - a ring of protection from cold
 v - an amulet of reflection (around neck)
 B - an amulet of magic regeneration
 D - a ring of poison resistance
 E - an amulet of the acrobat
 K - the amulet "Robepry" {Faith Harm +Blink rC-}
   (You found it on level 2 of the Lair of Beasts)

   [amulet of faith]

   It allows you to gain divine favour quickly.
   rC:        It makes you vulnerable to cold.
   +Blink:    It lets you blink.
   Harm:      It increases damage dealt and taken.
 O - the ring of Atweanaa {Fly rCorr}
   (You found it on level 5 of the Pits of Slime)

   [ring of resist corrosion]

   Fly:       It grants you flight.
   rCorr:     It protects you from acid and corrosion.
Wands
 w - a wand of polymorph (4)
 G - a wand of charming (4)
 H - a wand of digging (7)
 M - a wand of iceblast (10)
Scrolls
 d - a scroll of fog
 k - 5 scrolls of teleportation
 p - 3 scrolls of magic mapping
 q - 2 scrolls of amnesia
 y - 2 scrolls of identify
 F - a scroll of fear
Potions
 b - 2 potions of resistance
 f - 4 potions of brilliance
 j - 2 potions of haste
 z - a potion of lignification {unknown}
 A - 2 potions of cancellation
 I - a potion of degeneration
 L - a potion of attraction
 N - a potion of magic {unknown}
Miscellaneous
 l - a phantom mirror
 n - a piece from Xom's chessboard (15/15)
 t - a condenser vane (inert)


   Skills:
 - Level 17.5 Fighting
 - Level 2.0(7.7) Axes
 - Level 11.1(11.2) Maces & Flails
 * Level 3.6(3.9) Polearms
 - Level 16.2 Armour
 - Level 16.5 Shields


You had 15 spell levels left.
You didn't know any spells.
Your spell library contained the following spells:

 Spells                   Type           Power      Damage    Failure   Level
 Freeze                   Ice            0%         1d3       80%         1
 Summon Small Mammal      Summ           0%         N/A       80%         1
 Call Canine Familiar     Summ           0%         N/A       99%         3
 Summon Guardian Golem    Hex/Summ       0%         N/A       99%         3
 Summon Forest            Summ/Tloc      0%         N/A       100%        5
 Eringya's Noxious Bog    Tmut/Pois      0%         N/A       100%        6
 Iron Shot                Conj/Erth      0%         9d1       100%        6
 Summon Hydra             Summ           0%         N/A       100%        7


Dungeon Overview and Level Annotations

Branches:
Dungeon (15/15)            Temple (0/1) D:4            Lair (5/5) D:9
  Swamp (0/4) Lair:3       Spider (0/4) Lair:2        Slime (5/5) Lair:5
    Orc (0/2) D:12         Vaults (0/5) D:14         Depths (0/4) D:15
 Bailey (visited)

Altars:
Dithmenos
Fedhas
Okawaru
Vehumet
Jiyva

Shops:
D:2 (   D:8 :[   D:15 **(:[

Annotations:
D:6 2 runed translucent doors
D:9 3 runed translucent doors, KittyFluff's ghost, journeyman GrBe; middlethird's ghost, novice VSFE; middlethird's ghost, novice VSMo
D:10 1 runed translucent door
D:14 3 runed translucent doors, 4 transporters, Xezuxtink's ghost, journeyman HOFi
Lair:5 exclusion: obsidian statue
Slime:5 Royal Jelly


Innate Abilities, Weirdness & Mutations

You cannot be hasted, slowed, berserked, paralysed or teleported.
You can dig through walls and to a lower floor.
You have a pair of large antennae on your head. (SInv)
Your four strong arms can wield two-handed weapons with a shield.
You have sharp toenails.
Your mind is very acute. (Int +8, Str/Dex -2)
Your flesh is almost immune to the effects of heat. (rF+++)
You are somewhat resistant to further mutation.
You are very robust. (+20% HP)
Your body has grown eyes which may confuse attackers. (Acc +3)
Armour fits poorly on your large pseudopods.
Your translucent skin reduces your foes' accuracy. (Stealth+)
You are covered in slimy tendrils that may disarm your opponents.


Message History

The dire elephant simulacrum is moderately damaged.
The walls burn the spectral anaconda!
You destroy the spectral anaconda!
The walls burn the dire elephant!
The wall burns the dire elephant!
You sock the dire elephant simulacrum!
You bludgeon the dire elephant simulacrum.
The dire elephant simulacrum is almost destroyed.
The wall burns the dire elephant!
You block the dire elephant's attack. The dire elephant closely misses you.
The wall melts the dire elephant simulacrum!
You block the dire elephant simulacrum's attack.
The dire elephant simulacrum trunk-slaps you but does no damage.
The dire elephant is engulfed in noxious fumes.
The walls burn the dire elephant!
You block the dire elephant's attack. The dire elephant misses you.
The walls burn the dire elephant!
You hit the dire elephant simulacrum.
The dire elephant simulacrum vaporises!
The wall burns the dire elephant!
You sock the dire elephant!
The dire elephant is severely wounded.
The dire elephant's soul is no longer bound.
The wall burns the dire elephant!
The dire elephant is engulfed in noxious fumes.
The walls burn the dire elephant!
You block the dire elephant's attack. x2
The dire elephant is engulfed in freezing vapours.
The wall burns the dire elephant!
The dire elephant misses you. The dire elephant barely misses you.
You hit the dire elephant. You bludgeon the dire elephant.
The dire elephant is almost dead.
You stop calling forth ooze.
The dire elephant tramples you!
* * * LOW HITPOINT WARNING * * *
You hold your ground!
The dire elephant trunk-slaps you!
* * * LOW HITPOINT WARNING * * *
The dire elephant is engulfed in noxious fumes.
The dire elephant appears confused.
You block the dire elephant's attack.
The dire elephant trunk-slaps you but does no damage.
The dire elephant is engulfed in freezing vapours.
The dire elephant tramples you!!
You die...

##### ####.#.#♣♣
##P.......♣♣
###§.........♣
#§@Y.....#.....# ###
####YY#''####♣♣...#
#8...8##~~.##8[...#..8#
♣8♣#
#:.{..'~≈~..'.)...#P.P#
+##
#.....'≈≈≈~.#8.####.#.#
##
#8...8#≈≈≈≈.####...P#+#
# ######.~~~~#....####
##8.8###.~###.#### {
#8.⌠P8#####...##♣♣ {


You could see 3 dire elephants.

Vanquished Creatures
  Gastronok (Lair:3)
  A dire elephant (Lair:5)
  Fannar (Lair:1)
  2 hydras
  6 vault guards
  A catoblepas (Lair:1)
  2 boulder beetles
  7 centaur warriors
  A two-headed ogre (D:11)
  3 tengu warriors
  An ogre mage (D:14)
  5 death yaks (Lair:4)
  Urug (D:13)
  Nergalle (Lair:2)
  Sonja (D:11)
  A spectral anaconda (Lair:5)
  9 skeletal warriors
  2 skysharks
  A necromancer (Lair:5)
  A deep elf pyromancer (D:12)
  A deep elf archer (D:14)
  15 ugly things
  4 manticores
  An oklob plant (Lair:5)
  3 cyclopes
  A salamander (shapeshifter) (D:15)
  3 black mambas
  20 elephants
  A torpor snail (Lair:1)
  Joseph (Lair:1)
  A gargoyle (D:12)
  11 cane toads
  2 unseen horrors
  6 komodo dragons
  A tengu conjurer (D:15)
  A yaktaur (D:13)
  6 trolls
  A hornet (shapeshifter) (D:14)
  2 polar bears
  Grinder (D:5)
  11 blink frogs
  Prince Ribbit (Bailey)
  2 culicivoras (Lair:2)
  A wyvern (shapeshifter) (D:14)
  34 yaks
  A vampire (D:10)
  3 wraiths
  3 wyverns
  2 shadows
  3 basilisks
  5 humans (Bailey)
  A steam dragon (D:6)
  7 vampire mosquitoes
  A death yak simulacrum (Lair:5)
  4 swamp worms (Lair:2)
  2 acid dragons
  14 water moccasins
  6 orc warriors
  An ice beast (D:8)
  3 black bears
  A sky beast (D:8)
  An ogre (D:6)
  22 wolves
  2 phantoms
  7 centaurs
  2 kobold brigands
  11 bullfrogs
  4 gnoll sergeants
  A cane toad simulacrum (Lair:5)
  7 scorpions
  2 wights (D:9)
  31 killer bees
  2 jellies
  2 electric eels (D:10)
  3 howler monkeys (D:9)
  8 hounds
  3 orc priests
  6 gnoll boudas
  A sleepcap (D:6)
  3 iguanas (D:6)
  9 orc wizards
  2 adders
  45 gnolls
  A shadow imp (D:6)
  A white imp (D:7)
  A worm (D:2)
  3 dart slugs
  28 orcs
  3 bats
  5 endoplasms (D:1)
  7 giant cockroaches
  14 goblins
  6 hobgoblins
  2 jackals (D:8)
  10 kobolds
  4 quokkas
  4 ball pythons
  3 rats
  A butterfly (D:10)
503 creatures vanquished.

Vanquished Creatures (collateral kills)
  A frost giant (D:15)
  A boulder beetle (D:14)
  A tengu warrior (D:15)
  A deep elf archer (D:14)
  An orc knight (D:14)
  An orc sorcerer (D:14)
  A yaktaur (D:14)
  An efreet (D:12)
  A kobold demonologist (D:6)
9 creatures vanquished.

Vanquished Creatures (others)
  A centaur warrior (D:13)
  A boulder beetle (D:14)
  A gargoyle (D:12)
  2 kobold demonologists (D:12)
  6 slime creatures
  2 blink frogs
  A slime creature (shapeshifter) (D:14)
  8 yaks
  A wyvern (Lair:5)
  5 water moccasins
  4 centaurs
  2 kobold brigands
  A bullfrog (Bailey)
  A scorpion (D:4)
  2 wights (D:9)
  2 killer bees (D:13)
  A howler monkey (D:10)
  104 jellies
  5 hounds
  An orc priest (D:4)
  A gnoll bouda (D:6)
  An iguana (D:4)
  7 orc wizards
  8 gnolls
  2 adders (D:4)
  2 ufetubi
  A worm (D:3)
  15 orcs
  2 ball pythons
  3 endoplasms
  3 giant cockroaches
  A hobgoblin (D:4)
  2 jackals (D:8)
  11 kobolds
  3 quokkas
  2 bats
  A frilled lizard (D:3)
  4 goblins
  4 rats
  A butterfly (D:10)
225 creatures vanquished.

Grand Total: 737 creatures vanquished

Notes
Turn   | Place    | Note
-------+----------+-------------------------------------------
     0 | D:1      | lonewolfV2 the Formicid Fighter began the quest for the
                  | Orb.
     0 | D:1      | Reached XP level 1. HP: 18/18 MP: 1/1
    91 | D:1      | Reached XP level 2. HP: 20/25 MP: 2/2
   170 | D:1      | Reached skill level 4 in Fighting
   266 | D:1      | Reached XP level 3. HP: 23/31 MP: 3/3
   558 | D:1      | Found a faded altar of an unknown god.
   569 | D:1      | Prayed at the altar of an unknown god.
   569 | D:1      | Became a worshipper of Jiyva Joaxzycs the Shapeless
   569 | D:1      | Reached * piety under Jiyva
   959 | D:1      | Found a radiant altar of Vehumet.
  1000 | D:2      | Found Pewevuo's Weapon Shop.
  1041 | D:2      | Reached skill level 5 in Fighting
  1303 | D:2      | Reached XP level 4. HP: 39/39 MP: 4/4
  1384 | D:2      | Reached ** piety under Jiyva
  1893 | D:3      | Reached XP level 5. HP: 32/46 MP: 5/5
  1897 | D:3      | HP: 1/46 [gnoll/+0 flail (4)]
  1902 | D:3      | Reached skill level 6 in Fighting
  2123 | D:3      | Reached *** piety under Jiyva
  2290 | D:3      | Gained mutation: You possess an exceptional clarity of
                  | mind. [Jiyva's grace]
  2290 | D:3      | Gained mutation: You have a small jelly attached to you
                  | that may absorb projectiles. [Jiyva's grace]
  2290 | D:3      | Gained mutation: You are somewhat resistant to further
                  | mutation. [Jiyva's grace]
  2290 | D:3      | Gained mutation: You are somewhat resistant to both further
                  | mutation and mutation removal. [Jiyva's grace]
  2518 | D:4      | Reached XP level 6. HP: 53/53 MP: 6/6
  2563 | D:4      | Found a staircase to the Ecumenical Temple.
  2643 | D:4      | Reached **** piety under Jiyva
  2924 | D:4      | Killed a water moccasin
  3116 | D:4      | Reached skill level 7 in Fighting
  3445 | D:5      | Entered Level 5 of the Dungeon
  3562 | D:5      | Noticed a black bear
  3579 | D:5      | Killed a black bear
  3580 | D:5      | Reached skill level 8 in Fighting
  3580 | D:5      | Reached XP level 7. HP: 29/62 MP: 7/7
  4138 | D:5      | Lost mutation: You are somewhat resistant to both further
                  | mutation and mutation removal. [Jiyva's grace]
  4138 | D:5      | Gained mutation: Armour fits poorly on your pseudopods.
                  | [Jiyva's grace]
  4138 | D:5      | Gained mutation: Armour fits poorly on your large
                  | pseudopods. [Jiyva's grace]
  4138 | D:5      | Gained mutation: Armour fits poorly on your massive
                  | pseudopods. [Jiyva's grace]
  4138 | D:5      | Gained mutation: You are covered in slimy tendrils that may
                  | disarm your opponents. [Jiyva's grace]
  4158 | D:5      | Reached ***** piety under Jiyva
  4644 | D:5      | Reached skill level 5 in Shields
  4839 | D:6      | Noticed Grinder
  4839 | D:6      | Noticed a water moccasin
  4854 | D:5      | Killed Grinder
  4855 | D:5      | Reached XP level 8. HP: 59/69 MP: 8/8
  5042 | D:6      | Found a large runed translucent door.
  5042 | D:6      | Found a large runed translucent door.
  5074 | D:6      | Noticed a troll
  5090 | D:6      | Killed a troll
  5091 | D:6      | Reached skill level 10 in Shields
  5138 | D:6      | Noticed a wraith
  5155 | D:6      | Noticed a troll
  5177 | D:6      | Found a blossoming altar of Fedhas.
  5218 | D:6      | Found a large runed translucent door.
  5218 | D:6      | Found a large runed translucent door.
  5247 | D:6      | Reached XP level 9. HP: 66/75 MP: 9/9
  5288 | D:6      | Noticed a kobold demonologist
  5291 | D:6      | Noticed a rust devil
  5299 | D:6      | Noticed a red devil
  5303 | D:6      | Noticed a red devil
  5307 | D:6      | Killed a kobold demonologist
  5308 | D:6      | Reached skill level 5 in Armour
  5593 | D:6      | Killed a troll
  5934 | D:7      | Found a shadowy altar of Dithmenos.
  5947 | D:7      | Found an iron altar of Okawaru.
  6383 | D:8      | Reached XP level 10. HP: 66/82 MP: 10/10
  6408 | D:8      | Found Ixumimapp's Book Shoppe.
  6500 | D:8      | Found Omam's Antique Armour Emporium.
  6565 | D:8      | Lost mutation: You are covered in slimy tendrils that may
                  | disarm your opponents. [Jiyva's grace]
  6565 | D:8      | Gained mutation: You are covered in slimy tendrils that may
                  | disarm your opponents. [Jiyva's grace]
  6565 | D:8      | Gained mutation: Your melee attacks may engulf your foes in
                  | ooze. [Jiyva's grace]
  6565 | D:8      | Gained mutation: You are partially covered in iridescent
                  | scales. (AC +2) [Jiyva's grace]
  6565 | D:8      | Gained mutation: You are mostly covered in iridescent
                  | scales. (AC +4) [Jiyva's grace]
  6598 | D:8      | Reached skill level 10 in Armour
  7127 | D:9      | Reached skill level 1 in Maces & Flails
  7243 | D:9      | Found a runed translucent gate.
  7243 | D:9      | Noticed middlethird's ghost (novice VSFE)
  7244 | D:9      | Found a runed translucent gate.
  7245 | D:9      | Found a runed translucent gate.
  7247 | D:9      | Noticed KittyFluff's ghost (journeyman GrBe)
  7247 | D:9      | Noticed middlethird's ghost (novice VSMo)
  7316 | D:9      | Reached skill level 5 in Maces & Flails
  7433 | D:9      | Found a radiant altar of Vehumet.
  7477 | D:9      | Found a staircase to the Lair.
  7708 | D:10     | Entered Level 10 of the Dungeon
  7712 | D:10     | Identified the ring "Ynnipnia" {rCorr SInv}
  7795 | D:10     | Reached XP level 11. HP: 87/87 MP: 9/11
  7980 | D:10     | Found a runed translucent door.
  7982 | D:10     | Found a runed translucent door.
  8066 | D:10     | Found a flagged portal.
  8084 | Bailey   | Entered a bailey
  8230 | Bailey   | Noticed Prince Ribbit
  8257 | Bailey   | Killed Prince Ribbit
  8259 | Bailey   | Noticed a vault guard
  8278 | Bailey   | Killed a vault guard
  8279 | Bailey   | Reached skill level 10 in Maces & Flails
  8297 | Bailey   | Noticed a vault guard
  8309 | Bailey   | Killed a vault guard
  8442 | D:10     | Lost mutation: You possess an exceptional clarity of mind.
                  | [Jiyva's grace]
  8442 | D:10     | Lost mutation: Armour fits poorly on your massive
                  | pseudopods. [Jiyva's grace]
  8442 | D:10     | Lost mutation: Your melee attacks may engulf your foes in
                  | ooze. [Jiyva's grace]
  8442 | D:10     | Gained mutation: Your body has grown eyes which may confuse
                  | attackers. (Acc +3) [Jiyva's grace]
  8442 | D:10     | Gained mutation: Your body has grown many eyes which may
                  | confuse attackers. (Acc +5) [Jiyva's grace]
  8442 | D:10     | Gained mutation: Your body is covered in eyes which may
                  | confuse attackers. (Acc +7, SInv) [Jiyva's grace]
  8442 | D:10     | Gained mutation: You have a small jelly attached to you
                  | that senses nearby items. [Jiyva's grace]
  9071 | D:11     | Noticed a skeletal warrior
  9117 | D:11     | Killed a skeletal warrior
  9118 | D:11     | Reached skill level 9 in Fighting
  9118 | D:11     | Noticed a skeletal warrior
  9314 | D:11     | Killed a skeletal warrior
  9525 | D:11     | Noticed a skeletal warrior
  9560 | D:11     | Killed a skeletal warrior
  9561 | D:11     | Reached skill level 10 in Fighting
  9561 | D:11     | Reached XP level 12. HP: 63/98 MP: 12/12
  9758 | D:11     | Noticed a two-headed ogre
  9776 | D:11     | Killed a two-headed ogre
  9821 | D:11     | Noticed a boulder beetle
  9858 | D:11     | Noticed Sonja
  9879 | D:11     | Killed Sonja
  9891 | D:11     | Noticed a skeletal warrior
  9904 | D:11     | Noticed a skeletal warrior
  9916 | D:11     | Killed a skeletal warrior
  9920 | D:11     | Killed a skeletal warrior
  9989 | D:11     | Killed a boulder beetle
 10683 | D:12     | Noticed a skeletal warrior
 10683 | D:12     | Noticed a skeletal warrior
 10683 | D:12     | Noticed a skeletal warrior
 10683 | D:12     | Noticed a skeletal warrior
 10706 | D:12     | Killed a skeletal warrior
 10710 | D:12     | Killed a skeletal warrior
 10710 | D:12     | Killed a skeletal warrior
 10712 | D:12     | Killed a skeletal warrior
 10713 | D:12     | Reached skill level 15 in Shields
 11103 | D:12     | Reached XP level 13. HP: 66/104 MP: 13/13
 11299 | D:12     | Gained mutation: You have sharp toenails. [Jiyva's grace]
 11299 | D:12     | Gained mutation: You have razor-sharp toenails. [Jiyva's
                  | grace]
 11299 | D:12     | Gained mutation: You have claws for feet. [Jiyva's grace]
 11299 | D:12     | Gained mutation: You are somewhat resistant to both further
                  | mutation and mutation removal. [Jiyva's grace]
 11380 | D:12     | Found a staircase to the Orcish Mines.
 11473 | D:13     | Noticed a six-headed hydra
 11490 | D:13     | Killed a six-headed hydra
 11499 | D:13     | Noticed a centaur warrior
 11510 | D:13     | Killed a centaur warrior
 11798 | D:13     | Noticed Urug
 11820 | D:13     | Killed Urug
 11988 | D:13     | Noticed a centaur warrior
 11990 | D:13     | Noticed a centaur warrior
 12059 | D:13     | Noticed Snorg
 12064 | D:13     | Snorg changed into Snorg the yaktaur
 12064 | D:13     | Noticed Snorg
 12072 | D:13     | Killed Snorg the yaktaur
 12135 | D:13     | Noticed a centaur warrior
 12142 | D:13     | Killed a centaur warrior
 12251 | D:13     | Noticed a centaur warrior
 12266 | D:13     | Killed a centaur warrior
 12414 | D:13     | Noticed a centaur warrior
 12571 | D:14     | Noticed a vault guard
 12591 | D:14     | Noticed a vault guard
 12612 | D:14     | Noticed an ogre mage
 12619 | D:14     | Killed an ogre mage
 12647 | D:14     | Killed a vault guard
 12688 | D:14     | Killed a vault guard
 12689 | D:14     | Reached skill level 15 in Armour
 12712 | D:14     | Noticed a vault guard
 12713 | D:14     | Found a gate to the Vaults.
 12713 | D:14     | Noticed a vault guard
 12745 | D:14     | Killed a vault guard
 12746 | D:14     | Reached XP level 14. HP: 76/108 MP: 14/14
 12944 | D:14     | Noticed a tengu reaver
 12945 | D:14     | Noticed Xezuxtink's ghost (journeyman HOFi)
 13079 | D:14     | Reached skill level 11 in Fighting
 13188 | D:14     | Found a runed translucent gate.
 13188 | D:14     | Found a runed translucent gate.
 13188 | D:14     | Found a runed translucent gate.
 13189 | D:14     | Identified the staff of earth "Iroesism" {rN+}
 13291 | D:14     | Found a transporter.
 13328 | D:14     | Found a transporter.
 13356 | D:14     | Found a transporter.
 13372 | D:14     | Found a transporter.
 13456 | D:15     | Entered Level 15 of the Dungeon
 13459 | D:15     | Found Ulinih's Weapon Shop.
 13546 | D:15     | Found Xamyeh's Book Shop.
 13562 | D:15     | Reached skill level 12 in Fighting
 13672 | D:15     | Found Yczaf's General Store.
 13760 | D:15     | Found Zagh's Assorted Antiques.
 13858 | D:15     | Found a staircase to the Depths.
 13858 | D:15     | Noticed a frost giant
 13865 | D:15     | Killed a frost giant
 13870 | D:15     | Reached skill level 13 in Fighting
 14024 | D:15     | Found Vonwioqo's Armour Emporium.
 14256 | D:15     | Lost mutation: You have claws for feet. [Jiyva's grace]
 14256 | D:15     | Lost mutation: You are mostly covered in iridescent scales.
                  | (AC +4) [Jiyva's grace]
 14256 | D:15     | Lost mutation: Your body is covered in eyes which may
                  | confuse attackers. (Acc +7, SInv) [Jiyva's grace]
 14256 | D:15     | Lost mutation: Your body has grown many eyes which may
                  | confuse attackers. (Acc +5) [Jiyva's grace]
 14256 | D:15     | Gained mutation: You are robust. (+10% HP) [Jiyva's grace]
 14256 | D:15     | Gained mutation: You are very robust. (+20% HP) [Jiyva's
                  | grace]
 14256 | D:15     | Gained mutation: You are extremely robust. (+30% HP)
                  | [Jiyva's grace]
 14256 | D:15     | Gained mutation: You have acidic saliva. [Jiyva's grace]
 14566 | Lair:1   | Entered Level 1 of the Lair of Beasts
 14640 | Lair:1   | Noticed Fannar
 14670 | Lair:1   | Killed Fannar
 15044 | Lair:1   | Reached skill level 14 in Fighting
 15170 | Lair:1   | Noticed Joseph
 15180 | Lair:1   | Killed Joseph
 15181 | Lair:1   | Reached XP level 15. HP: 163/163 MP: 15/15
 15648 | Lair:2   | Found a hole to the Spider Nest.
 15809 | Lair:2   | Noticed Nergalle
 15842 | Lair:2   | Killed Nergalle
 16154 | Lair:2   | Reached skill level 15 in Fighting
 16207 | Lair:2   | Identified the +0 robe of Pride {rCorr}
 16323 | Lair:2   | Identified the amulet "Robepry" {Faith Harm +Blink rC-}
 16473 | Lair:3   | Reached ****** piety under Jiyva
 16482 | Lair:3   | Found a staircase to the Swamp.
 16560 | Lair:3   | Lost mutation: You are partially covered in iridescent
                  | scales. (AC +2) [Jiyva's grace]
 16560 | Lair:3   | Lost mutation: You are somewhat resistant to both further
                  | mutation and mutation removal. [Jiyva's grace]
 16560 | Lair:3   | Lost mutation: You have acidic saliva. [Jiyva's grace]
 16560 | Lair:3   | Lost mutation: You have a small jelly attached to you that
                  | senses nearby items. [Jiyva's grace]
 16560 | Lair:3   | Lost mutation: You have a small jelly attached to you that
                  | may absorb projectiles. [Jiyva's grace]
 16560 | Lair:3   | Gained mutation: Your flesh is heat resistant. (rF+)
                  | [Jiyva's grace]
 16560 | Lair:3   | Gained mutation: Your flesh is very heat resistant. (rF++)
                  | [Jiyva's grace]
 16560 | Lair:3   | Gained mutation: Your flesh is almost immune to the effects
                  | of heat. (rF+++) [Jiyva's grace]
 16560 | Lair:3   | Gained mutation: Your translucent skin slightly reduces
                  | your foes' accuracy. (Stealth+) [Jiyva's grace]
 16606 | Lair:3   | Noticed Gastronok
 16631 | Lair:3   | Killed Gastronok
 17400 | Lair:4   | Reached skill level 16 in Fighting
 17958 | Lair:4   | Reached skill level 17 in Fighting
 18364 | Lair:5   | Entered Level 5 of the Lair of Beasts
 18626 | Lair:5   | Lost mutation: You have razor-sharp toenails. [Jiyva's
                  | grace]
 18626 | Lair:5   | Lost mutation: You are extremely robust. (+30% HP) [Jiyva's
                  | grace]
 18626 | Lair:5   | Lost mutation: Your translucent skin slightly reduces your
                  | foes' accuracy. (Stealth+) [Jiyva's grace]
 18626 | Lair:5   | Gained mutation: Your mind is acute. (Int +4, Str/Dex -1)
                  | [Jiyva's grace]
 18626 | Lair:5   | Gained mutation: Your mind is very acute. (Int +8, Str/Dex
                  | -2) [Jiyva's grace]
 18626 | Lair:5   | Gained mutation: Your translucent skin slightly reduces
                  | your foes' accuracy. (Stealth+) [Jiyva's grace]
 18626 | Lair:5   | Gained mutation: Your translucent skin reduces your foes'
                  | accuracy. (Stealth+) [Jiyva's grace]
 18738 | Lair:5   | Found a viscous altar of Jiyva.
 18738 | Lair:5   | Found a staircase to the Slime Pits.
 18797 | Slime:1  | Entered Level 1 of the Pits of Slime
 18813 | Slime:1  | Noticed a rockslime
 18833 | Slime:1  | Noticed an acid blob
 18859 | Slime:1  | Noticed an acid blob
 18874 | Slime:1  | Noticed an acid blob
 18878 | Slime:1  | Noticed a quicksilver ooze
 18881 | Slime:1  | Noticed an acid blob
 18882 | Slime:1  | Noticed an acid blob
 18882 | Slime:1  | Noticed an acid blob
 18882 | Slime:1  | Noticed an acid blob
 19123 | Slime:2  | Noticed an azure jelly
 19136 | Slime:2  | Noticed an acid blob
 19138 | Slime:2  | Noticed an azure jelly
 19139 | Slime:2  | Noticed a quicksilver ooze
 19148 | Slime:2  | Noticed an acid blob
 19166 | Slime:2  | Noticed a quicksilver ooze
 19175 | Slime:2  | Noticed an azure jelly
 19203 | Slime:2  | Found a viscous altar of Jiyva.
 19344 | Slime:3  | Noticed an acid blob
 19344 | Slime:3  | Noticed a quicksilver ooze
 19439 | Slime:4  | Noticed a rockslime
 19439 | Slime:4  | Noticed a rockslime
 19439 | Slime:4  | Noticed an azure jelly
 19450 | Slime:4  | Noticed a rockslime
 19618 | Slime:5  | Entered Level 5 of the Pits of Slime
 19747 | Slime:5  | Noticed an acid blob
 19773 | Slime:5  | Noticed a rockslime
 19773 | Slime:5  | Noticed an acid blob
 19783 | Slime:5  | Noticed an acid blob
 19784 | Slime:5  | Noticed a rockslime
 19788 | Slime:5  | Noticed a quicksilver ooze
 19788 | Slime:5  | Noticed the Royal Jelly
 19791 | Slime:5  | Noticed an acid blob
 19800 | Slime:5  | Found a viscous altar of Jiyva.
 19803 | Slime:5  | Found the +8 lance "Wyrmbane" {slay drac, rPois rF+ rC+
                  | AC+3}
 19803 | Slime:5  | Noticed an acid blob
 19806 | Slime:5  | Identified the +0 plate armour "Ystuzxog" {+Blink rElec
                  | Stlth+}
 19807 | Slime:5  | Identified the ring of Atweanaa {Fly rCorr}
 19828 | Slime:5  | Identified the +0 plate armour of the Mackerel {Rampage rC+
                  | Stlth+}
 19830 | Slime:5  | Identified the +6 flail of Zoconoc {pain, Str+5}
 19833 | Slime:5  | Identified the +1 whip of Qazlal, Shifting {flame, rElec
                  | Will+ Int+3 Stlth+}
 19838 | Slime:5  | Found the +4 skin of Zhor {*Englaciate rC+++ SInv}
 19855 | Slime:5  | Got a slimy rune of Zot
 19856 | Slime:5  | Identified the +4 dire flail of Compassion {freeze, rF-
                  | Will+ Str+3}
 19859 | Slime:5  | Got Iroi's Essays on Frigorific Metal
 19931 | Slime:5  | Identified the staff of conjuration "Puotimn" {rF+ Dex+4}
 20045 | Slime:5  | Identified the +1 robe "Hungay" {Slay+2}
 20100 | Slime:3  | Noticed an acid blob
 20100 | Slime:3  | Noticed a rockslime
 20100 | Slime:3  | Noticed an azure jelly
 20102 | Slime:3  | Noticed an acid blob
 20141 | Slime:3  | Noticed a rockslime
 20194 | Slime:3  | Noticed an acid blob
 20194 | Slime:3  | Noticed a rockslime
 20371 | Lair:5   | Reached skill level 1 in Polearms
 20422 | Lair:5   | Reached XP level 16. HP: 115/169 MP: 16/16
 20917 | Lair:5   | Slain by a dire elephant

Illustrated notes

Levels and vault maps discovered:
D:1:      dpeg_arrival_lava_altar, layout_basic,
          hellmonk_ecumenical_altar_slurped_away
D:2:      layout_loops_corners, serial_shops, shop
D:3:      layout_basic
D:4:      layout_basic, minmay_temple_entry_stoned_glass,
          grunt_decor_resistance, kennysheep_small_spiral,
          chequers_serial_rivers_micro_a, hangedman_decor_peaks_small
D:5:      layout_loops_ring, serial_co_window_serial,
          co_window_of_opportunity_a, co_window_of_opportunity_a,
          co_window_of_opportunity_a, co_window_corner_a, co_window_paths_a,
          co_window_paths_b, co_window_corner_cb, co_window_corner_b,
          co_window_unsneaky_path_c, co_window_unsneaky_path_c,
          co_window_of_opportunity_c, co_window_broadway_c, co_window_4corner_b,
          co_window_sun, glass_columns_a, glass_columns_a, glass_columns_c,
          glass_columns_b
D:6:      layout_rooms, fedhas_ov_isle_minmay, minmay_hollow_rounded_squares,
          uniq_grinder
D:7:      layout_loops_ring, old_standard_altar, grunt_dithmenos_smoke
D:8:      layout_cave_pools, serial_shops, nicolae_shop_tiny_waterfront,
          serial_gnoll_camp, gnoll_camp_mini_doghouse, gnoll_camp_mini_hut,
          gnoll_camp_medium_02, gnoll_camp_mini_shop, gnoll_camp_mini_doghouse
D:9:      layout_basic, amcnicky_altar_gilded, nicolae_overflow_hidden_temple,
          lair_entry_dummy, gammafunk_ghost_cemetery
D:10:     lemuel_insect_pit, layout_irregular_city, enter_bailey_3,
          water_boxes_lemuel
D:11:     layout_basic, uniq_sonja
D:12:     nicolae_cairo_tiling_very_big, layout_loops_cross, david_orc_4
D:13:     wad_woods_minihive, layout_irregular_city, serial_column_ruins,
          column_ruins_square_large, column_ruins_grid_1, column_ruins_grid_3,
          column_ruins_grid_4, column_ruins_open_small_water,
          column_ruins_open_small, uniq_urug, uniq_snorg
D:14:     layout_rooms, grunt_vaults_entry_fortified, gammafunk_ghost_split,
          hangedman_abyss_or_decor_passed, minmay_hedge_maze,
          nicolae_transporter_intersection
D:15:     grunt_enter_depths_snipers, layout_basic, serial_shops,
          nicolae_shop_tiny_waterfront, shop, shop,
          nicolae_shop_back_alley_shop, shop_fountains,
          dreamdust_princess_corridor
Lair:1:   layout_gridlike, infiniplex_staircase_pool, grunt_megastairs_2,
          uniq_joseph, uniq_fannar
Lair:2:   layout_loops_ring, hellmonk_spider_entry_life_and_decay, worms_lemuel,
          uniq_nergalle
Lair:3:   layout_regular_city, swamp_mist, uniq_gastronok
Lair:4:   layout_roguey, enter_volcano_4, lemuel_fruit_tree
Lair:5:   due_jungle_book, layout_regular_city, slime_entry_1,
          nicolae_quartered_pool_super
Slime:1:  layout_caves
Slime:2:  layout_caves, basic_altar
Slime:3:  layout_caves
Slime:4:  layout_caves
Slime:5

Skill      XL: |  1  2  3  4  5  6  7  8  9 10 11 12 13 14 15 16 |
---------------+-------------------------------------------------+-----
Fighting       | 4 5 6 8 10 14 17 | 17.5
Shields        | 6 10 16 | 16.5
Armour         | 9 10 15 16 | 16.2
Maces & Flails | 7 10 11 | 11.1
Polearms       | 1 3 |  3.6
Axes           | |  2.0

Action                     |  1- 3 |  4- 6 |  7- 9 | 10-12 | 13-15 | 16-18 || total
---------------------------+-------+-------+-------+-------+-------+-------++-------
  Melee: War axe           |    73 |    66 |       |       |       |       ||   139
         Mace              |       |    63 |   187 |   839 |  1301 |       ||  2390
         Pseudopods        |       |       |    41 |   238 |   473 |    37 ||   789
         Kick              |       |       |       |       |   322 |       ||   322
         Bite              |       |       |       |       |    60 |       ||    60
         Lance             |       |       |       |       |    43 |    25 ||    68
         Flail             |       |       |       |       |       |    59 ||    59
 Invoke: Oozemancy         |       |       |     2 |     4 |     6 |     1 ||    13
         Slimify           |       |       |       |     2 |       |       ||     2
  Evoke: Wand              |       |       |       |       |    11 |       ||    11
         Condenser vane    |       |       |       |       |       |     1 ||     1
    Use: Scroll            |     7 |     1 |     4 |     3 |     9 |       ||    24
         Potion            |       |     3 |     3 |     1 |     3 |     1 ||    11
   Stab: Confused          |       |       |       |    35 |    63 |       ||    98
 Armour: Scale mail        |    38 |    66 |    97 |       |       |       ||   201
         Chain mail        |       |       |    43 |   455 |   516 |       ||  1014
         Plate armour      |       |       |       |       |   123 |    54 ||   177
  Dodge: Dodged            |    46 |    65 |   112 |   454 |   795 |    55 ||  1527
  Block: Buckler           |    21 |    42 |   110 |   432 |  1248 |    86 ||  1939
         Reflection        |       |       |       |    11 |    34 |       ||    45
